 Dungeon Crawl Stone Soup version 0.23-a0-13-gb09bef45d9 (webtiles) character file.

476128 Htamos the Commander (level 24, -7/191 HPs)
             Began as a Gnoll Skald on Aug 1, 2018.
             Was a High Priest of Okawaru.
             Mangled by an ettin
             ... wielding a +0 dire flail
              (16 damage)
             ... on level 5 of the Vaults on Aug 2, 2018.
             The game lasted 04:07:18 (78893 turns).

Htamos the Commander (Gnoll Skald)                 Turns: 78893, Time: 04:07:19

Health: -7/191     AC: 25    Str: 17    XL:     24   Next: 76%
Magic:  43/43      EV: 26    Int: 20    God:    Okawaru [*****.]
Gold:   1688       SH:  0    Dex: 24    Spells: 18/55 levels left

rFire    + . .     SeeInvis .   G - +8 executioner's axe (vamp)
rCold    + + +     Gourm    .   (shield currently unavailable)
rNeg     + . .     Faith    .   W - +9 ring mail "Kulithroo" {+Blink rPois rC+}
rPois    +         Spirit   .   K - +2 hat of Nyemiar {*Contam +Blink +Fly Slay+3}
rElec    +         Reflect  .   C - scarf {repulsion}
rCorr    .         Harm     .   A - +0 pair of gloves of the Clam {rC+}
MR       +++..                  r - +2 pair of boots {Stlth+}
Stlth    +++++++...             x - amulet of Exhibitionism {Acrobat +Inv rElec Int+3}
HPRegen  0.81/turn              V - ring of protection from fire
MPRegen  0.28/turn              t - ring "Sehugo" {rPois rN+ MR++}

@: about to teleport, finesse, repel missiles
A: distributed training, fangs 1, agile 1, cold resistance 1, regeneration 1, no
potion heal 1, strong nose
}: 2/15 runes: decaying, serpentine
a: Heroism, Finesse, Renounce Religion, Evoke Blink, Evoke Invisibility, Evoke
Flight


You were on level 5 of the Vaults.
You worshipped Okawaru.
Okawaru was extremely pleased with you.
You were very hungry.

You visited 8 branches of the dungeon, and saw 42 of its levels.
You also visited: Labyrinth, Bailey and Ice Cave.

You collected 5354 gold pieces.
You spent 3666 gold pieces at shops.

Inventory:

Hand Weapons
 s - the +6 trident "Jiolas Totya" {pierce, *Slow rPois Int+6 Stlth+}
   (You found it on level 2 of the Elven Halls)

   It inflicts extra damage upon your enemies.
   It affects your intelligence (+6).
   It protects you from poison.
   It may slow you when you take damage.
   It makes you more stealthy.
 G - a +8 vampiric executioner's axe (weapon)
 I - a +0 bardiche of flaming
 L - the +11 morningstar of Geucuja {freeze, Stlth+}
   (You bought it in a shop on level 4 of the Vaults)

   It has been specially enchanted to freeze those struck by it, causing extra
   injury to most foes and up to half again as much damage against particularly
   susceptible opponents.
   It can also slow down cold-blooded creatures.
   It makes you more stealthy.
 R - a +9 quick blade of electrocution
Missiles
 q - 6 javelins of penetration (quivered)
Armour
 r - a +2 pair of boots of stealth (worn)
 A - the +0 pair of gloves of the Clam (worn) {rC+}
   (You bought it in a shop on level 2 of the Orcish Mines)

   It protects you from cold.
 C - a scarf of repulsion (worn)
 K - the +2 hat of Nyemiar (worn) {*Contam +Blink +Fly Slay+3}
   (You found it on level 11 of the Dungeon)

   It affects your accuracy and damage with ranged weapons and melee attacks
   (+3).
   It lets you fly.
   It lets you blink.
   It causes magical contamination when unequipped.
 W - the +9 ring mail "Kulithroo" (worn) {+Blink rPois rC+}
   (You found it on level 12 of the Dungeon)

   It protects you from cold.
   It protects you from poison.
   It lets you blink.
Magical Staves
 B - an uncursed staff of wizardry
Jewellery
 b - an uncursed amulet of guardian spirit
 k - the ring "Onyefe Jiho" {rElec Dex+4 SInv Stlth-}
   (You found it on level 3 of the Elven Halls)

   [ring of see invisible]

   It affects your dexterity (+4).
   It insulates you from electricity.
   It lets you see invisible.
   It makes you less stealthy.
 m - the ring "Qauly" {+Fly rElec MP-9 Str+6}
   (You bought it in a shop on level 2 of the Orcish Mines)

   [ring of strength]

   It affects your strength (+6).
   It insulates you from electricity.
   It affects your magic capacity (-9).
   It lets you fly.
 n - an uncursed ring of protection from fire
 t - the ring "Sehugo" (right hand) {rPois rN+ MR++}
   (You acquired it in an ice cave)

   [ring of positive energy]

   It protects you from poison.
   It protects you from negative energy.
   It affects your resistance to hostile enchantments.
 x - the amulet of Exhibitionism (around neck) {Acrobat +Inv rElec Int+3}
   (You found it on level 3 of the Elven Halls)

   [amulet of the acrobat]

   It helps you evade while moving and waiting.
   It affects your intelligence (+3).
   It insulates you from electricity.
   It lets you turn invisible.
 y - the ring of Daefis {MR+ Str+4 Stlth+}
   (You took it off a frost giant on level 2 of the Depths)

   [ring of stealth]

   It affects your strength (+4).
   It affects your resistance to hostile enchantments.
   It makes you more stealthy.
 D - an uncursed ring of see invisible
 V - a ring of protection from fire (left hand)
Wands
 e - a wand of digging (25)
 z - a wand of iceblast (36)
 O - a wand of disintegration (10)
 P - a wand of enslavement (17)
 Q - a wand of paralysis (36)
Scrolls
 c - 10 scrolls of fear
 g - 2 scrolls of identify
 j - 2 scrolls of brand weapon
 l - 12 scrolls of remove curse
 o - 8 scrolls of teleportation
 p - 8 scrolls of immolation
 w - 6 scrolls of fog
 F - 6 scrolls of magic mapping
Potions
 a - 2 potions of curing
 h - 2 potions of mutation
 i - 5 potions of haste
 v - 7 potions of lignification
 E - 3 potions of agility
 M - 9 potions of magic
 N - 13 potions of flight
 S - 2 potions of brilliance
 T - 4 potions of resistance
 X - a potion of cancellation
Miscellaneous
 f - a phial of floods
 u - a phial of floods
 J - a sack of spiders
 U - a phantom mirror
 Y - 2 boxes of beasts
 Z - a phial of floods
Comestibles
 d - 13 rations


   Skills:
 + Level 16.2 Fighting
 + Level 15.6 Short Blades
 + Level 15.6 Long Blades
 + Level 15.6 Axes
 + Level 15.6 Maces & Flails
 + Level 16.2 Polearms
 + Level 15.6 Staves
 + Level 15.6 Slings
 + Level 15.6 Bows
 + Level 15.6 Crossbows
 + Level 15.6 Throwing
 + Level 15.8 Armour
 + Level 16.2 Dodging
 + Level 15.6 Stealth
 + Level 15.6 Shields
 + Level 15.6 Unarmed Combat
 + Level 16.2 Spellcasting
 + Level 13.5 Conjurations
 + Level 13.5 Hexes
 + Level 14.3 Charms
 + Level 13.5 Summonings
 + Level 13.5 Necromancy
 + Level 13.5 Translocations
 + Level 13.5 Transmutations
 + Level 13.5 Fire Magic
 + Level 13.5 Ice Magic
 + Level 13.5 Air Magic
 + Level 13.5 Earth Magic
 + Level 13.5 Poison Magic
 + Level 16.9 Invocations
 + Level 15.6 Evocations


You had 18 spell levels left.
You knew the following spells:

 Your Spells              Type           Power        Failure   Level  Hunger
a - Infusion              Chrm           ####         0%          1    None
b - Regeneration          Chrm/Necr      ######....   1%          3    None
c - Spectral Weapon       Hex/Chrm       ######..     1%          3    None
d - Shroud of Golubria    Chrm/Tloc      ######....   1%          2    None
e - Song of Slaying       Chrm           ######..     1%          2    None
f - Confusing Touch       Hex            ######       1%          1    None
g - Confuse               Hex            ######..     1%          3    None
h - Iron Shot             Conj/Erth      ######....   3%          6    #####..
i - Passwall              Tmut/Erth      ######..     1%          2    None
j - Portal Projectile     Hex/Tloc       ######       1%          3    None
k - Statue Form           Tmut/Erth      ######...    3%          6    #####..
l - Bolt of Draining      Conj/Necr      ######....   1%          5    ###....

Your spell library contained the following spells:

 Spells                   Type           Power        Failure   Level  Hunger
 Magic Dart               Conj           ####         1%          1    None
 Fireball                 Conj/Fire      ######....   1%          5    ###....
 Conjure Flame            Conj/Fire      ######..     1%          3    None
 Bolt of Fire             Conj/Fire      ######....   3%          6    #####..
 Lightning Bolt           Conj/Air       ######....   1%          5    ###....
 Bolt of Magma            Conj/Fire/Erth ######....   1%          5    ###....
 Throw Frost              Conj/Ice       ######       1%          2    None
 Controlled Blink         Tloc           N/A          80%         8    #######
 Freezing Cloud           Conj/Ice/Air   ######....   3%          6    #####..
 Mephitic Cloud           Conj/Pois/Air  ######..     1%          3    None
 Ring of Flames           Chrm/Fire      ######....   14%         7    ######.
 Venom Bolt               Conj/Pois      ######....   1%          5    ###....
 Death's Door             Chrm/Necr      ######....   75%         8    #######
 Summon Small Mammal      Summ           ####         1%          1    None
 Lehudib's Crystal Spear  Conj/Erth      ######....   80%         8    #######
 Fire Storm               Conj/Fire      ######....   100%        9    #######
 Iskenderun's Mystic Bla  Conj           ######..     1%          4    None
 Vampiric Draining        Necr           ######....   1%          3    None
 Haunt                    Necr/Summ      ######....   17%         7    ######.
 Borgnjor's Revivificati  Necr           ######....   80%         8    #######
 Freeze                   Ice            ####         1%          1    None
 Summon Ice Beast         Ice/Summ       ######..     1%          4    None
 Call Imp                 Summ           ######..     1%          2    None
 Dispel Undead            Necr           ######..     1%          5    ###....
 Poison Arrow             Conj/Pois      ######....   3%          6    #####..
 Sublimation of Blood     Necr           ######....   1%          2    None
 Tukima's Dance           Hex            ######..     1%          3    None
 Corpse Rot               Necr           N/A          1%          2    None
 Stone Arrow              Conj/Erth      ######       1%          3    None
 Recall                   Summ/Tloc      N/A          1%          3    None
 Agony                    Necr           ######..     1%          5    ###....
 Blade Hands              Tmut           ######....   1%          5    ###....
 Dragon Form              Tmut           ######....   17%         7    ######.
 Necromutation            Tmut/Necr      ######....   80%         8    #######
 Glaciate                 Conj/Ice       ######....   100%        9    #######
 Ignite Poison            Fire/Tmut/Pois ######..     1%          3    None
 Sticks to Snakes         Tmut           ######..     1%          2    None
 Call Canine Familiar     Summ           ######..     1%          3    None
 Ensorcelled Hibernation  Hex/Ice        ######       1%          2    None
 Metabolic Englaciation   Hex/Ice        ######....   1%          5    ###....
 Summon Butterflies       Summ           ######..     1%          1    None
 Shatter                  Erth           ######....   100%        9    #######
 Dispersal                Tloc           ######....   3%          6    #####..
 Static Discharge         Conj/Air       ######..     1%          3    None
 Corona                   Hex            ######.      1%          1    None
 Chain Lightning          Conj/Air       ######....   80%         8    #######
 Excruciating Wounds      Chrm/Necr      ######....   1%          5    ###....
 Petrify                  Tmut/Erth      ######..     1%          4    None
 Orb of Destruction       Conj           ######....   17%         7    ######.
 Malign Gateway           Summ/Tloc      ######....   17%         7    ######.
 Tornado                  Air            ######....   100%        9    #######
 Disjunction              Tloc           ######....   80%         8    #######
 Iskenderun's Battlesphe  Conj/Chrm      ######..     1%          5    ###....
 Fulminant Prism          Conj/Hex       ######....   1%          4    None
 Dazzling Spray           Conj/Hex       ######       1%          3    None
 Force Lance              Conj/Tloc      ######..     1%          4    None
 Searing Ray              Conj           ######       1%          2    None
 Summon Lightning Spire   Summ/Air       ######..     1%          4    None
 Summon Guardian Golem    Hex/Summ       ######..     1%          3    None
 Spellforged Servitor     Conj/Summ      ######....   17%         7    ######.
 Hydra Form               Tmut           ######....   3%          6    #####..
 Irradiate                Conj/Tmut      ######....   1%          5    ###....
 Gell's Gravitas          Tloc           ######....   1%          3    None
 Yara's Violent Unravell  Hex/Tmut       ######....   1%          5    ###....
 Infestation              Necr           ######....   80%         8    #######
 Poisonous Vapours        Pois/Air       ######       1%          2    None
 Ignition                 Fire           ######....   80%         8    #######


Dungeon Overview and Level Annotations

Branches:
Dungeon (15/15)            Temple (0/1) D:6            Lair (6/6) D:9
  Swamp (4/4) Lair:2        Snake (4/4) Lair:4        Slime (0/5) Lair:5
    Orc (2/2) D:10            Elf (3/3) Orc:2        Vaults (5/5) D:14
  Crypt (0/3) Vaults:3     Depths (3/5) D:15

Altars:
Fedhas
Makhleb
Okawaru
Ru
Vehumet
Wu Jian
Zin
The Shining One

Shops:
D:6 *   Orc:2 [*![:   Elf:2 *   Snake:1 [   Snake:2 *   Vaults:3 !!:
Vaults:4 (

Portals:
Hell: Depths:1 Depths:2
Abyss: Depths:2
Pandemonium: Depths:1
Ziggurat: Depths:2
Trove: Vaults:4 (give 20 scrolls of identify)

Annotations:
D:11 2 transporters, wont's ghost, journeyman MiAK
Lair:3 exclusion: 4 oklob plants
Lair:6 3 exclusions
Depths:2 3 runed doors, Nil Lipt's ghost, veteran GrFi


Innate Abilities, Weirdness & Mutations

Your experience applies equally to all skills.
You have very sharp teeth.
Your uncanny sense of smell can sniff out nearby items.
You are agile. (Dex +2)
Your flesh is cold resistant. (rC+)
Your natural rate of healing is unusually fast.
Potions are less effective at restoring your health.


Message History

You are too injured to fight recklessly!
Your system partially rejects the healing.
You feel much better. The vault warden closely misses you.
A deep elf annihilator comes into view. It is wielding a short sword.
The ettin closely misses you. The ettin hits you with a great mace!!
* * * LOW HITPOINT WARNING * * *
The large abomination hits you!!
* * * LOW HITPOINT WARNING * * *
As you read the scroll of teleportation, it crumbles to dust.
You feel strangely unstable.
The deep elf annihilator seems less brilliant.
The deep elf annihilator is empowered by the deep elf high priest's aura!
The deep elf high priest calls down the wrath of its god upon you.
Something smites you!
* * * LOW HITPOINT WARNING * * *
A crawling corpse merges with a large abomination.
The vault warden completely misses you. The ettin hits you with a dire flail!!
* * * LOW HITPOINT WARNING * * *
The ettin hits you with a great mace!
You die...

. #....#......##. ..
#....#.))..##.. #.
#....#†)..##... . ##.
#....#...##....
..##..##....#..##..... ∆
#.....e#..(.#)##...... ∆∆
#..(((((((.(.......
#########p......(########
.......(@Xx.().e((.......
.......))C.)<<([(...)....
..........(<)(<..........
.........))(<<[......O...
#########.)(([[..########
#.........# #.#.#p...#..#
∆ #.#.##....#...# ##.#
#....#....#


You could see 2 vault wardens, a deep elf annihilator, an ettin, a deep elf high
priest, a large abomination and a small abomination.

Vanquished Creatures
  Boris (Vaults:3)
  Margery (Depths:1)
  Saint Roka (Vaults:2)
  Xtahua (Vaults:5)
  Vashnia (Snake:2)
  A golden dragon (Vaults:5)
  Nikola (Vaults:3)
  Rupert (Lair:4)
  4 deep elf blademasters
  5 tentacled monstrosities
  A lich (Depths:2)
  5 deep elf master archers (Elf:3)
  4 titans
  2 sphinxes
  10 tengu reavers
  3 thorn hunters
  Agnes (Snake:2)
  10 nagarajas (Snake:4)
  Roxanne (Snake:1)
  5 shadow dragons
  9 frost giants
  4 fire giants
  5 deep elf sorcerers
  15 vault wardens
  The ghost of jehirs the Fighter, an adept GrMo of Qazlal (Snake:2)
  13 ironheart preservers
  19 very ugly things
  10 stone giants
  2 entropy weavers
  10 deep elf annihilators
  3 deep elf demonologists
  A vampire knight (Vaults:3)
  A minotaur (Lab)
  5 dire elephants (Lair:6)
  A spark wasp (Depths:1)
  11 ettins
  A merfolk javelineer (Depths:1)
  Snorg (Orc:1)
  A merfolk impaler (Depths:1)
  4 deep elf death magi
  A crystal guardian (Vaults:4)
  9 fire dragons
  2 deep elf high priests
  16 yaktaur captains
  2 great orbs of eyes (Depths:2)
  5 ice dragons
  Erolcha (D:11)
  Harold (D:8)
  27 hydras
  A ghost crab (Swamp:3)
  5 rakshasas
  11 naga warriors
  30 vault guards
  9 anacondas
  26 two-headed ogres
  3 death knights
  17 dancing weapons
  8 deep troll shamans
  11 ogre magi
  14 centaur warriors
  8 alligators
  4 deep troll earth magi
  16 naga sharpshooters
  5 tengu warriors
  2 spriggan berserkers (Depths:2)
  6 orc high priests (Orc:2)
  32 deep elf knights
  8 shock serpents
  Sonja (D:13)
  4 iron trolls (Depths:2)
  7 skeletal warriors
  A shadow wraith (Vaults:3)
  6 salamander mystics
  9 hell knights
  A glowing orange brain (Depths:2)
  A sea snake (shapeshifter) (Vaults:5)
  An unseen horror (Vaults:1)
  11 ironbrand convokers
  2 spriggan druids
  14 swamp dragons
  19 deep trolls
  3 flayed ghosts
  6 naga ritualists
  4 wizards
  20 deep elf archers
  7 necromancers
  3 shambling mangroves
  3 tengu zombies
  A sphinx zombie (Vaults:4)
  The ghost of P0WERM0DE the Chopper, a novice FoFi of Xom (D:7)
  7 harpies
  30 ugly things
  4 orc sorcerers
  11 orc knights
  12 salamanders
  8 mana vipers
  3 wolf spiders
  7 manticores
  10 cyclopes
  A manticore (shapeshifter) (Depths:2)
  4 elephants (Lair:6)
  79 deep elf magi
  A moth of wrath (Lair:6)
  33 black mambas
  11 vault sentinels
  11 guardian serpents
  4 human skeletons
  17 naga magi
  2 torpor snails (Lair:6)
  A guardian serpent (shapeshifter) (Vaults:2)
  15 spiny frogs
  A spiny frog (shapeshifter) (D:15)
  5 ice statues (IceCv)
  A gargoyle (D:14)
  59 yaktaurs
  4 rime drakes
  A kobold demonologist (D:14)
  A spark wasp simulacrum (Depths:1)
  A golden dragon simulacrum (IceCv)
  5 komodo dragons
  2 efreet
  3 hydra zombies (Swamp:3)
  6 freezing wraiths
  An anaconda simulacrum (IceCv)
  3 tengu conjurers
  3 meliai (D:14)
  A polar bear (Lair:3)
  17 tyrant leeches
  8 trolls
  8 blink frogs
  A shadow dragon simulacrum (Depths:1)
  12 bog bodies
  Prince Ribbit (D:7)
  7 hippogriffs
  31 slime creatures
  15 hornets
  Sigmund (D:3)
  4 redbacks
  4 vampires
  2 shadows
  24 yaks
  2 air elementals
  5 spriggans
  7 water elementals
  2 wyverns
  A dire elephant simulacrum (IceCv)
  4 wraiths
  A basilisk (shapeshifter) (Vaults:4)
  Grum (D:10)
  A hog (shapeshifter) (Depths:1)
  3 hungry ghosts
  19 swamp worms
  23 vampire mosquitoes
  A harpy simulacrum (IceCv)
  9 insubstantial wisps
  6 wargs
  45 nagas
  4 acid dragons
  An iron troll simulacrum (IceCv)
  4 hell hounds (Elf:3)
  2 soldier ants (D:11)
  3 hydra simulacra (IceCv)
  13 water moccasins
  8 porcupines
  A hornet zombie (Swamp:3)
  12 ice beasts
  A swamp dragon zombie (Swamp:3)
  12 swamp drakes
  3 sky beasts
  13 wolves
  29 ogres
  52 orc warriors
  4 phantoms
  2 necrophages
  An ettin simulacrum (IceCv)
  An eye of draining (D:14)
  12 boggarts
  18 centaurs
  14 crocodiles
  5 big kobolds
  16 bullfrogs
  3 earth elementals
  A water moccasin zombie (Swamp:3)
  3 scorpions
  4 killer bees
  An elf simulacrum (Vaults:4)
  8 wights
  An electric eel (Lair:2)
  2 human simulacra
  2 howler monkeys
  A troll skeleton (Lab)
  12 crimson imps
  7 jellies
  6 bullfrog zombies
  4 quasits
  A centaur zombie (D:11)
  7 hounds
  40 orc priests
  A gnoll shaman (D:6)
  21 orc wizards
  Jessica (D:3)
  5 centaur skeletons
  4 iguanas
  Natasha (D:3)
  9 worker ants
  A killer bee zombie (D:9)
  A crocodile zombie (Swamp:3)
  A worker ant zombie (D:11)
  7 gnolls
  2 howler monkey skeletons
  12 adders
  10 shadow imps
  7 oozes
  An adder zombie (D:7)
  2 worms
  A dart slug (D:2)
  3 leopard geckos
  102 orcs
  7 bats
  5 giant cockroaches
  8 hobgoblins
  6 jackals
  9 quokkas
  A ball python (D:1)
  A ball python skeleton (D:4)
  7 frilled lizards
  13 goblins
  44 kobolds
  A leopard gecko skeleton (D:6)
  A leopard gecko zombie (D:7)
  3 quokka zombies
  6 rats
  A briar patch (Swamp:4)
  2 crawling corpses (Vaults:5)
  A plant (Lair:6)
1856 creatures vanquished.

Vanquished Creatures (collateral kills)
  An ironheart preserver (Vaults:1)
  A hydra (Swamp:1)
  A deep troll earth mage (Vaults:1)
  A naga sharpshooter (Snake:1)
  A deep troll (Vaults:1)
  An ironbrand convoker (Vaults:1)
  A wolf spider (Vaults:1)
  2 hornets (Swamp:3)
  A slime creature (Vaults:1)
  A redback (shapeshifter) (Vaults:1)
  An insubstantial wisp (Swamp:3)
12 creatures vanquished.

Vanquished Creatures (others)
  A shadow dragon (Vaults:5)
  A storm dragon (Vaults:2)
  2 vault guards (Vaults:5)
  A deep elf knight (Elf:2)
  A deep troll (Vaults:5)
  A spriggan druid (Swamp:3)
  An unseen horror (Vaults:1)
  A deep elf mage (Elf:3)
  A yaktaur (Vaults:5)
  A freezing wraith (Vaults:5)
  A tengu conjurer (D:15)
  A hornet (Swamp:3)
  A water moccasin (Lair:5)
  2 orc warriors
  22 fungi
  36 plants
  53 spectral weapons
127 creatures vanquished.

Grand Total: 1995 creatures vanquished

Notes
Turn   | Place    | Note
-------+----------+-------------------------------------------
     0 | D:1      | Htamos the Gnoll Skald began the quest for the Orb.
     0 | D:1      | Reached XP level 1. HP: 20/20 MP: 6/6
    53 | D:1      | Upgraded the game from 0.23-a0-8-gb809bb70e4 to 0.23-a0-13-gb09bef45d9
   164 | D:1      | Reached XP level 2. HP: 22/26 MP: 7/7
   720 | D:1      | Reached XP level 3. HP: 30/31 MP: 9/9
   851 | D:1      | Reached skill level 5 in Spellcasting
   949 | D:2      | Found an iron altar of Okawaru.
  1011 | D:2      | Reached skill level 1 in Invocations
  1079 | D:2      | Became a worshipper of Warmaster Okawaru
  1162 | D:2      | Reached skill level 1 in Short Blades
  1162 | D:2      | Reached skill level 1 in Long Blades
  1162 | D:2      | Reached skill level 1 in Axes
  1162 | D:2      | Reached skill level 1 in Maces & Flails
  1162 | D:2      | Reached skill level 1 in Staves
  1162 | D:2      | Reached skill level 1 in Slings
  1162 | D:2      | Reached skill level 1 in Bows
  1162 | D:2      | Reached skill level 1 in Crossbows
  1162 | D:2      | Reached skill level 1 in Throwing
  1162 | D:2      | Reached skill level 1 in Stealth
  1162 | D:2      | Reached skill level 1 in Shields
  1162 | D:2      | Reached skill level 1 in Unarmed Combat
  1162 | D:2      | Reached skill level 1 in Evocations
  1425 | D:2      | Reached XP level 4. HP: 26/38 MP: 11/11
  2014 | D:3      | Learned a level 3 spell: Regeneration
  2018 | D:3      | Learned a level 3 spell: Spectral Weapon
  2021 | D:3      | Learned a level 2 spell: Shroud of Golubria
  2024 | D:3      | Learned a level 2 spell: Song of Slaying
  2182 | D:3      | Noticed Jessica
  2192 | D:3      | Killed Jessica
  2192 | D:3      | Reached skill level 1 in Conjurations
  2192 | D:3      | Reached skill level 1 in Hexes
  2192 | D:3      | Reached skill level 1 in Summonings
  2192 | D:3      | Reached skill level 1 in Necromancy
  2192 | D:3      | Reached skill level 1 in Translocations
  2192 | D:3      | Reached skill level 1 in Transmutations
  2192 | D:3      | Reached skill level 1 in Fire Magic
  2192 | D:3      | Reached skill level 1 in Ice Magic
  2192 | D:3      | Reached skill level 1 in Air Magic
  2192 | D:3      | Reached skill level 1 in Earth Magic
  2192 | D:3      | Reached skill level 1 in Poison Magic
  2192 | D:3      | Reached XP level 5. HP: 43/43 MP: 12/12
  2629 | D:3      | Noticed Natasha
  2636 | D:3      | Killed Natasha
  2703 | D:3      | Noticed Sigmund
  2717 | D:3      | Killed Sigmund
  2717 | D:3      | Reached * piety under Okawaru
  2717 | D:3      | Reached skill level 5 in Fighting
  2717 | D:3      | Reached skill level 5 in Polearms
  2717 | D:3      | Reached skill level 5 in Dodging
  2717 | D:3      | Reached XP level 6. HP: 47/51 MP: 14/14
  3084 | D:4      | Reached XP level 7. HP: 56/56 MP: 15/15
  3362 | D:4      | Reached ** piety under Okawaru
  3972 | D:5      | Entered Level 5 of the Dungeon
  4302 | D:5      | Reached XP level 8. HP: 61/63 MP: 16/16
  4728 | D:5      | Reached *** piety under Okawaru
  6223 | D:6      | Found Ziesoech's Assorted Antiques.
  6232 | D:6      | Bought a scroll labeled SOGY QAKUTRIE for 25 gold pieces
  6232 | D:6      | Bought a scroll labeled ZUTSAKHL ETUU for 25 gold pieces
  6232 | D:6      | Bought a scroll labeled JUMIFA IVIBLO for 25 gold pieces
  6232 | D:6      | Bought a scroll labeled VIMMUTS LIXU for 25 gold pieces
  6409 | D:5      | Reached XP level 9. HP: 42/69 MP: 18/18
  7121 | D:6      | Found a staircase to the Ecumenical Temple.
  8327 | D:6      | Reached skill level 5 in Armour
  9114 | D:7      | Noticed Prince Ribbit
  9135 | D:7      | Reached skill level 5 in Invocations
  9140 | D:7      | Reached **** piety under Okawaru
  9239 | D:7      | Killed Prince Ribbit
  9246 | D:7      | Found a large runed door.
  9246 | D:7      | Found a large runed door.
  9249 | D:7      | Noticed P0WERM0DE's ghost (novice FoFi)
  9465 | D:7      | Killed P0WERM0DE's ghost
  9465 | D:7      | Reached XP level 10. HP: 77/77 MP: 20/20
  9618 | D:8      | Noticed Harold
  9633 | D:8      | Killed Harold
  9633 | D:8      | Reached skill level 5 in Short Blades
  9633 | D:8      | Reached skill level 5 in Long Blades
  9633 | D:8      | Reached skill level 5 in Axes
  9633 | D:8      | Reached skill level 5 in Maces & Flails
  9633 | D:8      | Reached skill level 5 in Staves
  9633 | D:8      | Reached skill level 5 in Slings
  9633 | D:8      | Reached skill level 5 in Bows
  9633 | D:8      | Reached skill level 5 in Crossbows
  9633 | D:8      | Reached skill level 5 in Throwing
  9633 | D:8      | Reached skill level 5 in Stealth
  9633 | D:8      | Reached skill level 5 in Shields
  9633 | D:8      | Reached skill level 5 in Unarmed Combat
  9633 | D:8      | Reached skill level 5 in Evocations
  9858 | D:8      | Reached ***** piety under Okawaru
  9971 | D:8      | Received a gift from Okawaru
 10069 | D:8      | You fall through a shaft for 2 floors!
 10069 | D:10     | Entered Level 10 of the Dungeon
 10142 | D:10     | Found a staircase to the Orcish Mines.
 10678 | D:10     | Noticed Grum
 10685 | D:10     | Received a gift from Okawaru
 10697 | D:10     | Killed Grum
 11205 | D:11     | Reached XP level 11. HP: 55/84 MP: 22/22
 11209 | D:11     | Found a transporter.
 11211 | D:11     | Got a crude mace
 11212 | D:11     | Identified the +0 mace of Conservatism {holy, Dex+7} (You found it on level 11 of the Dungeon)
 11216 | D:11     | Noticed wont's ghost (journeyman MiAK)
 11219 | D:11     | Found Pomeucid's Antique Weapon Boutique.
 11358 | D:11     | Found a transporter.
 11367 | D:11     | Noticed a two-headed ogre
 11377 | D:11     | Received a gift from Okawaru
 11808 | D:11     | Reached skill level 5 in Conjurations
 11808 | D:11     | Reached skill level 5 in Hexes
 11808 | D:11     | Reached skill level 5 in Summonings
 11808 | D:11     | Reached skill level 5 in Necromancy
 11808 | D:11     | Reached skill level 5 in Translocations
 11808 | D:11     | Reached skill level 5 in Transmutations
 11808 | D:11     | Reached skill level 5 in Fire Magic
 11808 | D:11     | Reached skill level 5 in Ice Magic
 11808 | D:11     | Reached skill level 5 in Air Magic
 11808 | D:11     | Reached skill level 5 in Earth Magic
 11808 | D:11     | Reached skill level 5 in Poison Magic
 11842 | D:11     | Noticed Erolcha
 11852 | D:11     | Killed Erolcha
 11852 | D:11     | Received a gift from Okawaru
 12090 | D:11     | Got a translucent long sword {god gift}
 12093 | D:11     | Identified the +9 long sword "Leska" {slice, *Rage +Inv rC+ Int+6} (Okawaru gifted it to you on level 11 of the Dungeon)
 12848 | D:11     | Killed a two-headed ogre
 13319 | D:12     | Found a glowing golden altar of the Shining One.
 13378 | D:12     | Noticed a deep elf mage
 13381 | D:12     | Killed a deep elf mage
 13414 | D:12     | Got a smoking ring mail
 13425 | D:12     | Identified the +9 ring mail "Kulithroo" {+Blink rPois rC+} (You found it on level 12 of the Dungeon)
 13674 | D:12     | Received a gift from Okawaru
 13708 | D:12     | Noticed a two-headed ogre
 13714 | D:12     | Killed a two-headed ogre
 13721 | D:12     | Noticed a manticore
 13727 | D:12     | Killed a manticore
 14073 | D:12     | Noticed a deep elf mage
 14076 | D:12     | Killed a deep elf mage
 14155 | D:9      | Reached XP level 12. HP: 93/93 MP: 20/24
 14358 | D:9      | Found a sacrificial altar of Ru.
 14619 | D:9      | Found a staircase to the Lair.
 14742 | Lair:1   | Entered Level 1 of the Lair of Beasts
 16214 | D:11     | Got a faintly humming hat
 16221 | D:11     | Identified the +2 hat of Nyemiar {*Contam +Blink +Fly Slay+3} (You found it on level 11 of the Dungeon)
 16786 | Lair:2   | Noticed an eight-headed hydra
 16795 | Lair:2   | Killed a four-headed hydra
 16940 | Lair:2   | Noticed a six-headed hydra
 16948 | Lair:2   | Killed a two-headed hydra
 16948 | Lair:2   | Received a gift from Okawaru
 17330 | Lair:2   | Noticed an eight-headed hydra
 17339 | Lair:2   | Killed a two-headed hydra
 17339 | Lair:2   | Reached ****** piety under Okawaru
 17374 | Lair:2   | Received a gift from Okawaru
 17386 | Lair:2   | Reached XP level 13. HP: 45/101 MP: 16/26
 18040 | Lair:2   | Found a staircase to the Swamp.
 18248 | Lair:3   | Received a gift from Okawaru
 18551 | Lair:3   | Learned a level 1 spell: Confusing Touch
 18555 | Lair:3   | Learned a level 3 spell: Confuse
 19181 | Lair:4   | Received a gift from Okawaru
 19414 | Lair:4   | Noticed Rupert
 19420 | Lair:4   | Paralysed by Rupert for 2 turns
 19431 | Lair:4   | Killed Rupert
 19480 | Lair:4   | Got a faintly glowing great mace {god gift}
 19481 | Lair:4   | Identified the +10 great mace "Kuphakli" {freeze, +Fly Stlth+} (Okawaru gifted it to you on level 4 of the Lair of Beasts)
 19543 | Lair:4   | Found a staircase to the Snake Pit.
 20381 | Lair:5   | Found a staircase to the Slime Pits.
 20576 | Lair:5   | Got a slimy ring mail
 20587 | Lair:5   | Identified the +0 ring mail of Immorality {Str+2 Dex+3} (You found it on level 5 of the Lair of Beasts)
 20855 | Lair:6   | Entered Level 6 of the Lair of Beasts
 21133 | Lair:6   | Found a labyrinth entrance.
 21143 | Lab      | Entered a labyrinth
 21688 | Lab      | Noticed a minotaur
 21702 | Lab      | Killed a minotaur
 21702 | Lab      | Received a gift from Okawaru
 21729 | Lab      | Identified a scroll of acquirement
 21730 | Lab      | Got a steaming tin ring
 21731 | Lab      | Identified the ring of the Sneaky Allies {Ice Str+4} (You acquired it in a labyrinth)
 21798 | Lair:6   | Found a glowing silver altar of Zin.
 21879 | Lair:6   | Received a gift from Okawaru
 21990 | Lair:6   | Received a gift from Okawaru
 22434 | Lair:6   | Reached skill level 10 in Spellcasting
 22928 | Lair:6   | Reached XP level 14. HP: 42/109 MP: 25/28
 23167 | Lair:6   | Noticed a dire elephant
 23167 | Lair:6   | Noticed a dire elephant
 23182 | Lair:6   | Killed a dire elephant
 23185 | Lair:6   | Killed a dire elephant
 23213 | Lair:6   | Got an ominously black robe
 23224 | Lair:6   | Identified the cursed +1 robe of Kleptomania {*Slow rPois MR++} (You found it on level 6 of the Lair of Beasts)
 23352 | Lair:6   | Noticed a dire elephant
 23390 | Lair:6   | Killed a dire elephant
 23854 | Lair:6   | Received a gift from Okawaru
 23883 | Lair:6   | Reached skill level 10 in Fighting
 23883 | Lair:6   | Reached skill level 10 in Polearms
 23883 | Lair:6   | Reached skill level 10 in Dodging
 24023 | Lair:6   | Noticed a dire elephant
 24033 | Lair:6   | Killed a dire elephant
 24240 | Orc:1    | Entered Level 1 of the Orcish Mines
 24469 | Orc:1    | Noticed Snorg
 24475 | Orc:1    | Killed Snorg
 24475 | Orc:1    | Received a gift from Okawaru
 24733 | Orc:1    | Got a twisted chain mail {god gift}
 24755 | D:10     | Identified the +1 chain mail of Hopscotch {rC+} (Okawaru gifted it to you on level 1 of the Orcish Mines)
 25132 | Orc:2    | Entered Level 2 of the Orcish Mines
 25136 | Orc:2    | Found Ellae's Antique Armour Emporium.
 25554 | Orc:2    | Found a staircase to the Elven Halls.
 26904 | Orc:2    | Reached skill level 10 in Invocations
 27456 | Orc:2    | Found Avestiem's Distillery.
 27456 | Orc:2    | Found Lawagg's Assorted Antiques.
 27457 | Orc:2    | Found Hagre's Book Shop.
 27457 | Orc:2    | Found Coatio's Armour Boutique.
 27470 | Orc:2    | Bought a sparkling steel ring for 175 gold pieces
 27471 | Orc:2    | Identified the ring "Qauly" {+Fly rElec MP-9 Str+6} (You bought it in a shop on level 2 of the Orcish Mines)
 27550 | Orc:2    | Bought smoking swamp dragon scales for 1595 gold pieces
 27561 | Orc:2    | Identified the cursed +0 swamp dragon scales of Emmulah {+Fly rPois} (You bought it in a shop on level 2 of the Orcish Mines)
 28114 | D:13     | Found a flagged portal.
 28146 | Bailey   | Entered a bailey
 28763 | D:13     | Noticed Sonja
 28769 | D:13     | Killed Sonja
 29507 | D:13     | Received a gift from Okawaru
 30038 | Orc:2    | Bought a pair of transparent gloves for 275 gold pieces
 30049 | Orc:2    | Identified the +0 pair of gloves of the Clam {rC+} (You bought it in a shop on level 2 of the Orcish Mines)
 30250 | D:14     | Reached XP level 15. HP: 117/117 MP: 16/29
 30441 | D:14     | Reached skill level 10 in Armour
 30678 | D:14     | Received a gift from Okawaru
 30682 | D:14     | Found a gate to the Vaults.
 30751 | D:14     | Got a fabulously ornate robe {god gift}
 30762 | D:14     | Identified the +2 robe "Ceciuf" {Str+2 Int+4 Dex-5 Stlth+} (Okawaru gifted it to you on level 14 of the Dungeon)
 31366 | D:15     | Entered Level 15 of the Dungeon
 32016 | D:15     | Reached skill level 10 in Charms
 32242 | D:15     | Reached skill level 10 in Short Blades
 32242 | D:15     | Reached skill level 10 in Long Blades
 32242 | D:15     | Reached skill level 10 in Axes
 32242 | D:15     | Reached skill level 10 in Maces & Flails
 32242 | D:15     | Reached skill level 10 in Staves
 32242 | D:15     | Reached skill level 10 in Slings
 32242 | D:15     | Reached skill level 10 in Bows
 32242 | D:15     | Reached skill level 10 in Crossbows
 32242 | D:15     | Reached skill level 10 in Throwing
 32242 | D:15     | Reached skill level 10 in Stealth
 32242 | D:15     | Reached skill level 10 in Shields
 32242 | D:15     | Reached skill level 10 in Unarmed Combat
 32242 | D:15     | Reached skill level 10 in Evocations
 32249 | D:15     | Found a staircase to the Depths.
 33134 | Swamp:1  | Entered Level 1 of the Swamp
 33159 | Lair:2   | Received a gift from Okawaru
 33165 | Lair:2   | Got a fine long sword {god gift}
 33168 | Lair:2   | Identified the +9 long sword "Yfosis" {slice, rF++ rN+ Str+4} (Okawaru gifted it to you on level 2 of the Lair of Beasts)
 35256 | Swamp:1  | Received a gift from Okawaru
 35831 | Swamp:1  | Reached XP level 16. HP: 110/125 MP: 18/31
 36464 | Swamp:2  | Noticed a thorn hunter
 36467 | Swamp:2  | Noticed a thorn hunter
 36477 | Swamp:1  | Killed a thorn hunter
 36649 | Swamp:1  | Killed a thorn hunter
 38333 | Swamp:3  | Received a gift from Okawaru
 38929 | Swamp:3  | Received a gift from Okawaru
 39676 | Swamp:4  | Entered Level 4 of the Swamp
 39931 | Swamp:4  | Received a gift from Okawaru
 39950 | Swamp:4  | Noticed a thorn hunter
 41062 | Swamp:4  | Got a decaying rune of Zot
 41070 | Swamp:4  | Killed a thorn hunter
 41541 | Swamp:4  | Reached XP level 17. HP: 111/133 MP: 20/33
 42383 | Vaults:1 | Entered Level 1 of the Vaults
 42409 | Vaults:1 | Received a gift from Okawaru
 42773 | Vaults:1 | Received a gift from Okawaru
 43899 | Vaults:1 | Noticed a sphinx
 44929 | Vaults:1 | Received a gift from Okawaru
 46031 | Vaults:2 | Reached skill level 10 in Conjurations
 46031 | Vaults:2 | Reached skill level 10 in Hexes
 46031 | Vaults:2 | Reached skill level 10 in Summonings
 46031 | Vaults:2 | Reached skill level 10 in Necromancy
 46031 | Vaults:2 | Reached skill level 10 in Translocations
 46031 | Vaults:2 | Reached skill level 10 in Transmutations
 46031 | Vaults:2 | Reached skill level 10 in Fire Magic
 46031 | Vaults:2 | Reached skill level 10 in Ice Magic
 46031 | Vaults:2 | Reached skill level 10 in Air Magic
 46031 | Vaults:2 | Reached skill level 10 in Earth Magic
 46031 | Vaults:2 | Reached skill level 10 in Poison Magic
 46043 | Vaults:2 | Received a gift from Okawaru
 46055 | Vaults:2 | Noticed Saint Roka
 46148 | Vaults:2 | Reached XP level 18. HP: 72/141 MP: 25/34
 46669 | Vaults:2 | Received a gift from Okawaru
 46711 | Vaults:2 | Killed Saint Roka
 46711 | Vaults:2 | Received a gift from Okawaru
 47328 | Vaults:2 | Learned a level 6 spell: Iron Shot
 48042 | Vaults:2 | Received a gift from Okawaru
 48431 | Vaults:3 | Found Hurruro's Distillery.
 48490 | Vaults:3 | Bought a potion of heal wounds for 65 gold pieces
 48580 | Vaults:3 | Found Ixuintop's Distillery.
 48735 | Vaults:3 | Noticed Nikola
 48738 | Vaults:3 | Killed Nikola
 48794 | Vaults:3 | Found a staircase to the Crypt.
 49005 | Vaults:3 | Noticed Boris
 49006 | Vaults:3 | Found Ucel Faaty's Book Shoppe.
 49064 | Vaults:3 | Killed Boris
 49216 | Vaults:3 | Received a gift from Okawaru
 49362 | Vaults:3 | Reached XP level 19. HP: 128/149 MP: 30/36
 50629 | Vaults:3 | Found Heseamy's Magic Scroll Shop.
 50938 | Vaults:4 | Received a gift from Okawaru
 51004 | Vaults:4 | Found a portal to a secret trove of treasure.
 51362 | Vaults:4 | Received a gift from Okawaru
 51896 | Vaults:4 | Received a gift from Okawaru
 51929 | Vaults:4 | Got a smoking hand axe
 51930 | Vaults:4 | Identified the cursed +1 hand axe "Kukouq" {chop, Stlth+} (You found it on level 4 of the Vaults)
 52431 | Vaults:4 | Received a gift from Okawaru
 53091 | Vaults:4 | Received a gift from Okawaru
 53252 | Vaults:4 | Found Furchi's Weapon Boutique.
 53259 | Vaults:4 | Bought a +1 executioner's axe of electrocution for 448 gold pieces
 53374 | Vaults:4 | Reached XP level 20. HP: 143/157 MP: 34/37
 53513 | Vaults:4 | Received a gift from Okawaru
 53541 | Vaults:4 | Bought the +11 morningstar of Geucuja {freeze, Stlth+} for 1008 gold pieces
 54189 | Snake:1  | Entered Level 1 of the Snake Pit
 54418 | Snake:1  | Found Funesuog's Armour Boutique.
 54498 | Snake:1  | Found an iron altar of Okawaru.
 54525 | Snake:1  | Noticed Roxanne
 54543 | Snake:1  | Killed Roxanne
 54548 | Snake:1  | Identified Roxanne's Grimoire of Transmigration (You took it off Roxanne on level 1 of the Snake Pit)
 54565 | Snake:1  | Learned a level 2 spell: Passwall
 54569 | Snake:1  | Learned a level 3 spell: Portal Projectile
 54576 | Snake:1  | Learned a level 6 spell: Statue Form
 54784 | Snake:1  | Received a gift from Okawaru
 55544 | Snake:2  | Noticed Vashnia
 55624 | Snake:2  | Killed Vashnia
 55708 | Snake:2  | Received a gift from Okawaru
 55742 | Snake:2  | Got a transparent war axe {god gift}
 55744 | Snake:2  | Identified the +1 war axe of the Lame Duck {chop, -Tele Dex+5} (Okawaru gifted it to you on level 2 of the Snake Pit)
 56264 | Snake:2  | Found Evept's Assorted Antiques.
 56352 | Snake:2  | Found a runed door.
 56352 | Snake:2  | Noticed jehirs's ghost (adept GrMo)
 56530 | Snake:2  | Killed jehirs's ghost
 56720 | Snake:3  | Noticed Agnes
 56745 | Snake:2  | Killed Agnes
 57221 | Snake:3  | Got a jewelled spear
 57223 | Snake:3  | Identified the +5 spear of Debt {pierce, rElec} (You found it on level 3 of the Snake Pit)
 57613 | Snake:3  | Received a gift from Okawaru
 58719 | Snake:4  | Entered Level 4 of the Snake Pit
 59035 | Snake:4  | Received a gift from Okawaru
 59493 | Snake:4  | Received a gift from Okawaru
 59809 | Snake:4  | Reached XP level 21. HP: 163/165 MP: 39/39
 59891 | Snake:4  | Received a gift from Okawaru
 60390 | Snake:4  | Received a gift from Okawaru
 60880 | Snake:4  | Received a gift from Okawaru
 61057 | Snake:4  | Got a serpentine rune of Zot
 61662 | Depths:1 | Entered Level 1 of the Depths
 63238 | Depths:1 | Found a one-way gate leading to the halls of Pandemonium.
 63449 | Depths:1 | Found a gateway to Hell.
 63449 | Depths:1 | Noticed Margery
 63476 | Depths:1 | Killed Margery
 63476 | Depths:1 | Reached skill level 15 in Invocations
 64316 | Depths:2 | Received a gift from Okawaru
 64451 | Depths:2 | Found a runed gate.
 64451 | Depths:2 | Found a runed gate.
 64451 | Depths:2 | Found a runed gate.
 64513 | Depths:2 | Received a gift from Okawaru
 64594 | Depths:2 | Identified Baeffamo's Disquisition on Freezing Black Rituals
 65283 | Depths:2 | Found a burning altar of Makhleb.
 65283 | Depths:2 | Found an ornate altar of the Wu Jian Council.
 65325 | Depths:2 | Found a blossoming altar of Fedhas.
 65325 | Depths:2 | Found a glowing silver altar of Zin.
 65347 | Depths:2 | Reached XP level 22. HP: 173/173 MP: 25/40
 65910 | Depths:2 | Found a gateway to a ziggurat.
 65921 | Depths:2 | Found a one-way gate to the infinite horrors of the Abyss.
 66268 | Depths:2 | Received a gift from Okawaru
 67097 | Depths:2 | Got a wavering amber ring
 67455 | Depths:2 | Reached skill level 15 in Spellcasting
 68316 | Depths:2 | Found a runed gate.
 68316 | Depths:2 | Found a runed gate.
 68359 | Depths:2 | Found a runed gate.
 68367 | Depths:2 | Noticed Nil Lipt's ghost (veteran GrFi)
 68377 | Depths:2 | Gained mutation: You are weak. (Str -2) [potion of mutation]
 68377 | Depths:2 | Gained mutation: You have a pair of small horns on your head. [potion of mutation]
 68377 | Depths:2 | Gained mutation: You have large cloven feet. [potion of mutation]
 68378 | Depths:2 | Lost mutation: You are weak. (Str -2) [potion of mutation]
 68378 | Depths:2 | Lost mutation: You have large cloven feet. [potion of mutation]
 68378 | Depths:2 | Gained mutation: Scrolls take you a little longer to read. [potion of mutation]
 68378 | Depths:2 | Gained mutation: You have a pair of horns on your head. [potion of mutation]
 69063 | Depths:2 | Found a glowing silver altar of Zin.
 69064 | Depths:2 | Found a blossoming altar of Fedhas.
 69064 | Depths:2 | Found a burning altar of Makhleb.
 69064 | Depths:2 | Found an ornate altar of the Wu Jian Council.
 69068 | Depths:2 | Reached skill level 15 in Fighting
 69068 | Depths:2 | Reached skill level 15 in Polearms
 69068 | Depths:2 | Reached skill level 15 in Dodging
 69083 | Depths:2 | Found a one-way gate to the infinite horrors of the Abyss.
 69195 | Depths:2 | Found a gateway to a ziggurat.
 69276 | Depths:2 | Found a runed gate.
 69276 | Depths:2 | Found a runed gate.
 69287 | Depths:2 | Lost mutation: You have a pair of horns on your head. [potion of mutation]
 69287 | Depths:2 | Lost mutation: Scrolls take you a little longer to read. [potion of mutation]
 69287 | Depths:2 | Lost mutation: You have a pair of small horns on your head. [potion of mutation]
 69287 | Depths:2 | Gained mutation: You have a somewhat thin skeletal structure. (Dex +2, Stealth) [potion of mutation]
 69287 | Depths:2 | Gained mutation: You do not regenerate when monsters are visible. [potion of mutation]
 69287 | Depths:2 | Gained mutation: You can translocate small distances at will. [potion of mutation]
 69288 | Depths:2 | Lost mutation: You can translocate small distances at will. [potion of mutation]
 69288 | Depths:2 | Lost mutation: You do not regenerate when monsters are visible. [potion of mutation]
 69288 | Depths:2 | Lost mutation: You have a somewhat thin skeletal structure. (Dex +2, Stealth) [potion of mutation]
 69288 | Depths:2 | Gained mutation: You are agile. (Dex +2) [potion of mutation]
 69288 | Depths:2 | Gained mutation: Potions are less effective at restoring your health. [potion of mutation]
 69288 | Depths:2 | Gained mutation: Your natural rate of healing is unusually fast. [potion of mutation]
 69757 | Depths:2 | Identified the ring of Daefis {MR+ Str+4 Stlth+} (You took it off a frost giant on level 2 of the Depths)
 70436 | Elf:1    | Entered Level 1 of the Elven Halls
 70837 | Elf:1    | Found a radiant altar of Vehumet.
 70863 | Elf:1    | Received a gift from Okawaru
 71215 | Elf:1    | Received a gift from Okawaru
 71972 | Elf:2    | Received a gift from Okawaru
 71978 | Elf:2    | Reached XP level 23. HP: 157/181 MP: 27/42
 72018 | Elf:2    | Got a jewelled long sword {god gift}
 72020 | Elf:2    | Identified the +6 long sword of Peril {slice, *Corrode +Rage rElec SInv} (Okawaru gifted it to you on level 2 of the Elven Halls)
 72073 | Elf:2    | Found Romuysipt's Assorted Antiques.
 72291 | Elf:2    | Found a huge runed gate.
 72291 | Elf:2    | Found a huge runed gate.
 72291 | Elf:2    | Found a huge runed gate.
 72292 | Elf:2    | Found a huge runed gate.
 72292 | Elf:2    | Found a huge runed gate.
 73649 | Elf:2    | Reached skill level 15 in Armour
 73867 | Elf:2    | Got a slimy trident
 73868 | Elf:2    | Identified the +6 trident "Jiolas Totya" {pierce, *Slow rPois Int+6 Stlth+} (You found it on level 2 of the Elven Halls)
 73879 | Elf:3    | Entered Level 3 of the Elven Halls
 74419 | Elf:3    | Received a gift from Okawaru
 74438 | Elf:3    | Found a frozen archway.
 74456 | Elf:3    | Reached skill level 15 in Short Blades
 74456 | Elf:3    | Reached skill level 15 in Long Blades
 74456 | Elf:3    | Reached skill level 15 in Axes
 74456 | Elf:3    | Reached skill level 15 in Maces & Flails
 74456 | Elf:3    | Reached skill level 15 in Staves
 74456 | Elf:3    | Reached skill level 15 in Slings
 74456 | Elf:3    | Reached skill level 15 in Bows
 74456 | Elf:3    | Reached skill level 15 in Crossbows
 74456 | Elf:3    | Reached skill level 15 in Throwing
 74456 | Elf:3    | Reached skill level 15 in Stealth
 74456 | Elf:3    | Reached skill level 15 in Shields
 74456 | Elf:3    | Reached skill level 15 in Unarmed Combat
 74456 | Elf:3    | Reached skill level 15 in Evocations
 74510 | Elf:3    | Got a sapphire-encrusted plate armour {god gift}
 74518 | IceCv    | Entered an ice cave
 74897 | IceCv    | Identified the +1 plate armour of Feluucoma {-Cast Int-2 Dex+8 SInv} (Okawaru gifted it to you on level 3 of the Elven Halls)
 74919 | IceCv    | Got a sparkling amber ring
 74921 | IceCv    | Identified the ring "Sehugo" {rPois rN+ MR++} (You acquired it in an ice cave)
 75085 | Elf:3    | Learned a level 5 spell: Bolt of Draining
 75914 | Elf:3    | Reached XP level 24. HP: 190/190 MP: 33/42
 76103 | Elf:3    | Received a gift from Okawaru
 76175 | Elf:3    | Got a crude silver amulet
 76177 | Elf:3    | Identified the amulet of Exhibitionism {Acrobat +Inv rElec Int+3} (You found it on level 3 of the Elven Halls)
 76224 | Elf:3    | Found the +6 Majin-Bo {vamp, Archmagi MP+6 Int+6}
 76261 | Elf:3    | Got a fine iron ring
 76265 | Elf:3    | Identified the ring "Onyefe Jiho" {rElec Dex+4 SInv Stlth-} (You found it on level 3 of the Elven Halls)
 76290 | Elf:3    | Identified Weusch's Collected Works on the Escort and the Mountains
 76313 | Elf:3    | Identified the Papyrus of Frigorific Conjuration
 76386 | Elf:3    | Gained mutation: Your flesh is cold resistant. (rC+) [mutagenic glow]
 76968 | Vaults:5 | Entered Level 5 of the Vaults
 76976 | Vaults:5 | Received a gift from Okawaru
 77414 | Vaults:5 | Received a gift from Okawaru
 78781 | Vaults:5 | Noticed Xtahua
 78799 | Vaults:5 | Killed Xtahua
 78803 | Vaults:5 | Received a gift from Okawaru
 78854 | Vaults:5 | Received a gift from Okawaru
 78884 | Vaults:5 | Received a gift from Okawaru
 78893 | Vaults:5 | HP: 9/191 [ettin/dire flail (26)]
 78893 | Vaults:5 | Mangled by an ettin

Vault maps used:
D:1:      minmay_arrival_five_plusses, serial_bayou_pond_a,
          kennysheep_minor_cross, roderic_serpentine_path
D:2:      okawaru_metal_pillars_1_2, first_ration, minmay_misc_feat_iff
D:3:      uniq_jessica, uniq_sigmund, uniq_natasha
D:5:      kennysheep_windowed_halls
D:6:      minmay_temple_entry_junction, serial_shops, nicolae_shop_statue_plus
D:7:      ebering_ghost_disaster_area, uniq_prince_ribbit1
D:8:      uniq_harold, uniq_gastronok
D:9:      lair_entry_dummy, basic_altar, corexii_leaking_fountain,
          kennysheep_small_square
D:10:     orc_0_dummy, uniq_grum
D:11:     serial_curves, eino_curves_04, eino_curves_03, serial_shops, shop,
          gammafunk_ghost_stat_death, hangedman_pestilent_swarm, uniq_erolcha
D:12:     tso_altar
D:13:     enter_bailey_3, uniq_sonja
D:14:     grunt_vaults_entry_fortified, nrook_mini_backslash
D:15:     grunt_enter_depths_snipers, corexii_corridor_pit,
          hangedman_decor_riveting, fungi_pond_lemuel
Lair:2:   cheibrodos_lair_overgrown_chateau,
          nicolae_swamp_entry_splash_gauntlet, serial_bayou_pond_e,
          grunt_megastairs_4
Lair:3:   st_stairs_6, minmay_lair_oklob_chamber, grunt_megastairs_1
Lair:4:   guppyfry_snake_entry_garden, grunt_megastairs_3, uniq_rupert
Lair:5:   nicolae_slime_entry_slimehenge
Lair:6:   due_jungle_book, lab_entry_generic, basic_altar, worms_lemuel,
          infiniplex_staircase_pool_2
Swamp:1:  nicolae_swamp_fairy_circle
Swamp:2:  serial_swamp_ruin, evilmike_swamp_ruin_wall,
          evilmike_swamp_ruin_house_1
Swamp:3:  evilmike_swamp_ruin_rubble_2, nicolae_swamp_necromancer_hut
Swamp:4:  swamp_alternative, swamp_pool3
Snake:1:  serial_shops, shop_statue, basic_altar, uniq_roxanne
Snake:2:  ebering_ghost_inner_flame, serial_shops,
          nicolae_shop_overgrown_old_shop, uniq_vashnia
Snake:3:  st_stairs_5, uniq_agnes
Snake:4:  johnstein_snake_rune_scales
Orc:1:    uniq_snorg
Orc:2:    st_orc_pillars, serial_shops, shop_statue
Elf:1:    minmay_elf_arrival_circle, basic_altar
Elf:2:    serial_shops, shop
Elf:3:    minmay_elf_hall, portal_ice_cave_entry_pillars_1, special_room
Vaults:1: hangedman_vaults_trim, nicolae_vaults_theta, v_alt_pattern_4,
          dpeg_vaults_monster_box, vaults_dpeg_hooks, vaults_room_hallway,
          ontoclasm_vaults_shuriken, hangedman_vaults_trim, v_rooms_5,
          grunt_vaults_hallway_short, vaults_room_pools
Vaults:2: hangedman_vaults_maws, ontoclasm_vaults_ring_large,
          nicolae_vaults_inception_statues, v_misc_10, ontoclasm_vaults_chip,
          ontoclasm_vaults_eye, nicolae_vaults_shelves_hall,
          dpeg_vaults_monster_row, serial_shops, bzr_entry_water,
          uniq_saint_roka
Vaults:3: nicolae_vaults_windows_and_doors_thing, minmay_crypt_entry_vampire_xt,
          hangedman_vaults_nodes, nicolae_vaults_circle_grid_a,
          nicolae_vaults_diagonal_hallway_6, vaults_dpeg_encased_lava,
          nicolae_vaults_little_squares_5, vaults_room_boxed, v_misc_2,
          nicolae_vaults_little_squares_3, st_more_cells, vaults_room_pools,
          vaults_room_pools, serial_shops, nicolae_shop_crystal, shop,
          nicolae_shop_statue_plus, shop, uniq_nikola, uniq_boris
Vaults:4: v_alt_pattern_4, nicolae_vaults_inception_scallops, st_octagons_2,
          v_misc_2, grunt_vaults_swirl, ontoclasm_vaults_ligature,
          ontoclasm_vaults_gateway, nicolae_vaults_network_square,
          vaults_room_door_ring, serial_ice_m, nicolae_vaults_little_squares_3,
          vaults_room_fours, serial_shops, shop_coins,
          nicolae_trove_entry_crystal, uniq_sojobo
Vaults:5: uniq_xtahua
Depths:1: pan_entry, grunt_metal_band, st_stairs_12,
          serial_sigils_hangedman_gut, spider_trap,
          minmay_hollow_rounded_squares
Depths:2: minmay_the_grid_octo_tiled_squarecenter, enter_ziggurat_d,
          abyss_entry, ploomutoo_gammafunk_ghost_potion_laboratory,
          minmay_stone_trees_small, hell_entry
Depths:3: minmay_expanding_circles, abyss_entry, serial_shops,
          nicolae_shop_window_shopping, infiniplex_staircase_river, hellmouth_1,
          pan_entry, kennysheep_generic_room_16
Lab:      nicolae_lab_grate
Bailey:   bailey_axe_4, bailey
IceCv:    ice_cave_statue_garden_chambered

Skill      XL: |  1  2  3  4  5  6  7  8  9 10 11 12 13 14 15 16 17 18 19 20 21 22 23 24 |
---------------+-------------------------------------------------------------------------+-----
Spellcasting   | 5 6 7 8 9 10 11 12 13 14 15 16 | 16.2
Invocations    | 1 2 3 4 5 6 7 8 9 10 11 12 13 14 15 16 | 16.9
Short Blades   | 1 2 3 4 5 6 7 8 9 10 11 12 13 14 15 | 15.6
Long Blades    | 1 2 3 4 5 6 7 8 9 10 11 12 13 14 15 | 15.6
Axes           | 1 2 3 4 5 6 7 8 9 10 11 12 13 14 15 | 15.6
Maces & Flails | 1 2 3 4 5 6 7 8 9 10 11 12 13 14 15 | 15.6
Staves         | 1 2 3 4 5 6 7 8 9 10 11 12 13 14 15 | 15.6
Slings         | 1 2 3 4 5 6 7 8 9 10 11 12 13 14 15 | 15.6
Bows           | 1 2 3 4 5 6 7 8 9 10 11 12 13 14 15 | 15.6
Crossbows      | 1 2 3 4 5 6 7 8 9 10 11 12 13 14 15 | 15.6
Throwing       | 1 2 3 4 5 6 7 8 9 10 11 12 13 14 15 | 15.6
Stealth        | 1 2 3 4 5 6 7 8 9 10 11 12 13 14 15 | 15.6
Shields        | 1 2 3 4 5 6 7 8 9 10 11 12 13 14 15 | 15.6
Unarmed Combat | 1 2 3 4 5 6 7 8 9 10 11 12 13 14 15 | 15.6
Evocations     | 1 2 3 4 5 6 7 8 9 10 11 12 13 14 15 | 15.6
Conjurations   | 1 2 3 4 5 6 7 8 9 10 11 12 13 | 13.5
Hexes          | 1 2 3 4 5 6 7 8 9 10 11 12 13 | 13.5
Summonings     | 1 2 3 4 5 6 7 8 9 10 11 12 13 | 13.5
Necromancy     | 1 2 3 4 5 6 7 8 9 10 11 12 13 | 13.5
Translocations | 1 2 3 4 5 6 7 8 9 10 11 12 13 | 13.5
Transmutations | 1 2 3 4 5 6 7 8 9 10 11 12 13 | 13.5
Fire Magic     | 1 2 3 4 5 6 7 8 9 10 11 12 13 | 13.5
Ice Magic      | 1 2 3 4 5 6 7 8 9 10 11 12 13 | 13.5
Air Magic      | 1 2 3 4 5 6 7 8 9 10 11 12 13 | 13.5
Earth Magic    | 1 2 3 4 5 6 7 8 9 10 11 12 13 | 13.5
Poison Magic   | 1 2 3 4 5 6 7 8 9 10 11 12 13 | 13.5
Armour         | 3 4 5 6 7 8 9 10 11 12 13 14 15 | 15.8
Fighting       | 5 6 7 8 9 10 11 12 13 14 15 16 | 16.2
Polearms       | 5 6 7 8 9 10 11 12 13 14 15 16 | 16.2
Dodging        | 5 6 7 8 9 10 11 12 13 14 15 16 | 16.2
Charms         | 6 7 8 9 10 11 12 13 14 | 14.3

Action                   |  1- 3 |  4- 6 |  7- 9 | 10-12 | 13-15 | 16-18 | 19-21 | 22-24 || total
-------------------------+-------+-------+-------+-------+-------+-------+-------+-------++-------
Melee: Spear             |   171 |   162 |   827 |    10 |       |       |   170 |       ||  1340
       Bite              |     8 |    20 |   114 |    60 |   123 |   276 |   470 |   292 ||  1363
       Punch             |       |       |    23 |       |       |    10 |    41 |       ||    74
       Halberd           |       |       |     9 |   498 |   963 |   448 |       |       ||  1918
       Mace              |       |       |       |    16 |       |       |       |       ||    16
       Long sword        |       |       |       |     3 |     4 |       |       |       ||     7
       Great mace        |       |       |       |       |    16 |       |       |       ||    16
       Quick blade       |       |       |       |       |       |  1006 |  2213 |       ||  3219
       Executioner's axe |       |       |       |       |       |    32 |   164 |  1532 ||  1728
       Demon trident     |       |       |       |       |       |       |    60 |       ||    60
       Morningstar       |       |       |       |       |       |       |    65 |       ||    65
       Headbutt          |       |       |       |       |       |       |       |    26 ||    26
 Fire: Blowgun           |       |    18 |    11 |     2 |       |       |       |       ||    31
       Triple crossbow   |       |       |       |       |    16 |       |       |       ||    16
Throw: Tomahawk          |       |     2 |     2 |       |       |       |       |       ||     4
       Throwing net      |       |       |     2 |     1 |       |       |       |       ||     3
       Javelin           |       |       |       |       |    22 |     2 |       |       ||    24
 Cast: Spectral Weapon   |       |       |    22 |    51 |   122 |    57 |    11 |     3 ||   266
       Regeneration      |       |       |     3 |     3 |     4 |     1 |     3 |       ||    14
       Song of Slaying   |       |       |     1 |     4 |     4 |       |       |       ||     9
       Shroud of Golubri |       |       |       |     8 |    20 |    10 |     1 |     4 ||    43
       Infusion          |       |       |       |       |       |     2 |     2 |       ||     4
Invok: Heroism           |       |       |     8 |     1 |     4 |    12 |    22 |    16 ||    63
       Finesse           |       |       |       |     1 |     2 |    11 |    16 |    16 ||    46
 Abil: Evoke Invisibilit |       |       |       |       |       |       |       |     1 ||     1
Evoke: Wand              |       |       |       |       |    30 |       |     4 |     7 ||    41
       Phantom mirror    |       |       |       |       |     2 |       |     1 |       ||     3
       Phial of floods   |       |       |       |       |     1 |     1 |     1 |     1 ||     4
  Use: Scroll            |       |     4 |    14 |     4 |    25 |    14 |    16 |    20 ||    97
       Potion            |       |     1 |     1 |     6 |     6 |     6 |    11 |    10 ||    41
 Stab: Sleeping          |     2 |       |     5 |    12 |    20 |    14 |    21 |    12 ||    86
       Held in net/web   |       |       |     3 |       |       |       |       |       ||     3
       Distracted        |       |       |     3 |     5 |    14 |    13 |    18 |     9 ||    62
       Confused          |       |       |       |       |     2 |     2 |       |       ||     4
       Invisible         |       |       |       |       |       |     4 |     1 |    18 ||    23
  Eat: Chunk             |     2 |     5 |    20 |    24 |    25 |    12 |    24 |    19 ||   131
       Ration            |       |       |     1 |     1 |    10 |    11 |     9 |    12 ||    44
Armor: Ring mail         |    29 |    33 |   164 |    89 |   303 |   357 |   373 |   844 ||  2192
       Leather armour    |     3 |       |       |       |       |       |       |       ||     3
       Scale mail        |       |       |       |   121 |       |       |       |       ||   121
       Skin              |       |       |       |     4 |       |       |       |       ||     4
       Troll leather arm |       |       |       |    14 |       |       |       |       ||    14
       Robe              |       |       |       |       |     2 |       |       |       ||     2
Dodge: Dodged            |    88 |    68 |   491 |   440 |   846 |   763 |  1048 |  2593 ||  6337
       Deflected         |       |       |       |       |       |     7 |    70 |    73 ||   150
Block: Shield            |       |       |       |       |    21 |   348 |   826 |       ||  1195
       Rpst.: Long sword |       |       |       |     1 |     2 |       |       |       ||     3

Table legend:
 A = Spawn XP
 B = Non-spawn XP
 C = Spawn XP percentage of total XP
 D = Spawn monster count
 E = Non-spawn monster count
 F = Spawn count percentage of total count
 G = Total turns spent on level
                    A         B        C        D         E        F      G
               +---------+---------+-------+---------+---------+-------+---------
         Total |       0 |  932821 |   0.0 |       0 |    1874 |   0.0 | 78893
               +---------+---------+-------+---------+---------+-------+---------
           D:1 |       0 |      40 |   0.0 |       0 |      23 |   0.0 |   870
           D:2 |       0 |      68 |   0.0 |       0 |      19 |   0.0 |   781
           D:3 |       0 |     359 |   0.0 |       0 |      28 |   0.0 |  1320
           D:4 |       0 |     527 |   0.0 |       0 |      16 |   0.0 |  1001
           D:5 |       0 |    1490 |   0.0 |       0 |      32 |   0.0 |  2697
           D:6 |       0 |     868 |   0.0 |       0 |      29 |   0.0 |  1916
           D:7 |       0 |    1830 |   0.0 |       0 |      27 |   0.0 |  1024
           D:8 |       0 |    1828 |   0.0 |       0 |      17 |   0.0 |   460
           D:9 |       0 |    1547 |   0.0 |       0 |      30 |   0.0 |   965
          D:10 |       0 |    2482 |   0.0 |       0 |      29 |   0.0 |  2669
          D:11 |       0 |    5442 |   0.0 |       0 |      37 |   0.0 |  1880
          D:12 |       0 |    4133 |   0.0 |       0 |      32 |   0.0 |  1339
          D:13 |       0 |    4191 |   0.0 |       0 |      22 |   0.0 |  1548
          D:14 |       0 |   14897 |   0.0 |       0 |      41 |   0.0 |  2252
          D:15 |       0 |   17060 |   0.0 |       0 |      37 |   0.0 |  1701
        Lair:1 |       0 |    2932 |   0.0 |       0 |      14 |   0.0 |  1682
        Lair:2 |       0 |   15075 |   0.0 |       0 |      49 |   0.0 |  3857
        Lair:3 |       0 |    3371 |   0.0 |       0 |      15 |   0.0 |  1175
        Lair:4 |       0 |    4509 |   0.0 |       0 |      11 |   0.0 |  1015
        Lair:5 |       0 |    1244 |   0.0 |       0 |      10 |   0.0 |   850
        Lair:6 |       0 |   17993 |   0.0 |       0 |      47 |   0.0 |  2692
       Swamp:1 |       0 |   16638 |   0.0 |       0 |      37 |   0.0 |  1781
       Swamp:2 |       0 |    7639 |   0.0 |       0 |      28 |   0.0 |  1637
       Swamp:3 |       0 |   17963 |   0.0 |       0 |      46 |   0.0 |  2606
       Swamp:4 |       0 |   24935 |   0.0 |       0 |      54 |   0.0 |  1086
       Snake:1 |       0 |   12296 |   0.0 |       0 |      22 |   0.0 |  1041
       Snake:2 |       0 |   31025 |   0.0 |       0 |      45 |   0.0 |  1814
       Snake:3 |       0 |   22162 |   0.0 |       0 |      40 |   0.0 |  2175
       Snake:4 |       0 |   53212 |   0.0 |       0 |      83 |   0.0 |  2308
         Orc:1 |       0 |    1388 |   0.0 |       0 |      13 |   0.0 |   653
         Orc:2 |       0 |   14759 |   0.0 |       0 |     115 |   0.0 |  3019
         Elf:1 |       0 |   29636 |   0.0 |       0 |      47 |   0.0 |  1372
         Elf:2 |       0 |   35548 |   0.0 |       0 |      45 |   0.0 |  2249
         Elf:3 |       0 |   93669 |   0.0 |       0 |     108 |   0.0 |  2059
      Vaults:1 |       0 |   37313 |   0.0 |       0 |      72 |   0.0 |  2383
      Vaults:2 |       0 |   59910 |   0.0 |       0 |      90 |   0.0 |  3017
      Vaults:3 |       0 |   65518 |   0.0 |       0 |     100 |   0.0 |  2466
      Vaults:4 |       0 |   61919 |   0.0 |       0 |      79 |   0.0 |  3663
      Vaults:5 |       0 |   86552 |   0.0 |       0 |      79 |   0.0 |   359
      Depths:1 |       0 |   54371 |   0.0 |       0 |      65 |   0.0 |  3564
      Depths:2 |       0 |   85278 |   0.0 |       0 |      79 |   0.0 |  4484
      Depths:3 |       0 |    9318 |   0.0 |       0 |      11 |   0.0 |    92
           Lab |       0 |    1405 |   0.0 |       0 |       3 |   0.0 |   604
        Bailey |       0 |     971 |   0.0 |       0 |      26 |   0.0 |   304
         IceCv |       0 |    7510 |   0.0 |       0 |      22 |   0.0 |   463
               +---------+---------+-------+---------+---------+-------+---------
